AoeStats
← tuyentuyem55555

Hill Fort

506399170Analyzed
3v3 RM · 18d ago on Sep 13, 2026· 54m 7s· 6 players
Game mode
Random Map
Map size
Normal (6 player)
Population
200
Speed
Normal
Resources
Standard
Victory
Conquest
Starting age
Dark Age
Ending age
Imperial Age
RankedLock teamsTeams togetherTeam positionsShared explorationLock speedFull tech treeHidden civsTurbo modeCheats
Victory
Defeat
🇻🇳 Hindustanis · Vietnam
884
+15
🇻🇳 Italians · Vietnam
876
+15
🇻🇳 Lithuanians · Vietnam
864
+15
🇨🇳 Ethiopians · China
880
-16
🇳🇱 Bengalis · Netherlands
854
-15
🇹🇷 Bohemians · Türkiye
831
-14
Baco
1:37 Loom
12:15 Feudal Age
12:59 Town Watch
16:26 Double-Bit Axe
17:44 Wheelbarrow
16:55 Horse Collar
18:14 Gold Mining
18:18 Stone Mining
21:07 Castle Age
23:55 Hand Cart
24:06 Caravan
25:21 Town Patrol
27:48 Heavy Plow
28:58 Pikeman
29:39 Squires
31:19 Arson
35:27 Imperial Age
34:08 Scale Mail Armor
34:19 Forging
34:14 Scale Barding Armor
34:10 Padded Archer Armor
34:00 Fletching
34:50 Paiks
36:38 Conscription
35:39 Elite Ratha (Ranged)
38:29 Husbandry
37:51 Light Cavalry
38:46 Bloodlines
39:41 Man-at-Arms
40:07 Gambesons
39:42 Halberdier
39:46 Elite Skirmisher
39:47 Crossbowman
39:48 Elite Elephant Archer
42:04 Arbalester
43:13 Elite Battle Elephant
45:50 Chemistry
44:46 Long Swordsman
46:00 Leather Archer Armor
49:05 Ballistics
48:57 Fortified Wall
NNN
12:44 Feudal Age
15:33 Wheelbarrow
14:44 Double-Bit Axe
14:41 Horse Collar
16:42 Loom
21:51 Castle Age
22:20 Forging
22:10 Scale Mail Armor
22:16 Scale Barding Armor
22:09 Pikeman
23:43 Hand Cart
23:39 Bow Saw
25:08 Husbandry
25:12 Caravan
28:30 Chemistry
30:37 Ballistics
33:33 Imperial Age
33:06 Iron Casting
32:46 Chain Mail Armor
34:47 Squires
35:06 Halberdier
36:33 Conscription
38:04 Blast Furnace
37:34 Plate Mail Armor
36:56 Arson
37:28 Heavy Plow
38:10 Wagenburg Tactics
37:48 Man-at-Arms
39:23 Plate Mail Armor
39:13 Elite Hussite Wagon
40:19 Town Watch
41:59 Two-Man Saw
42:32 Houfnice
47:31 Chain Barding Armor
47:03 Fletching
47:14 Padded Archer Armor
maRtin993♪
10:17 Loom
12:02 Feudal Age
12:55 Double-Bit Axe
14:41 Town Watch
16:39 Horse Collar
20:55 Castle Age
22:16 Forging
23:07 Caravan
24:01 Bow Saw
24:37 Iron Casting
24:02 Scale Mail Armor
23:58 Gold Mining
31:03 Royal Heirs
34:37 Chain Mail Armor
37:02 Imperial Age
38:01 Gold Shaft Mining
38:18 Ballistics
38:58 Chemistry
37:33 Elite Shotel Warrior
38:26 Heavy Plow
40:47 Stone Mining
41:45 Wheelbarrow
41:11 Town Patrol
46:22 Murder Holes
46:37 Fortified Wall
47:22 Hand Cart
48:57 Blast Furnace
48:27 Plate Mail Armor
54:35 Squires
54:24 Arson
trtrnghia123
13:08 Feudal Age
15:02 Double-Bit Axe
18:20 Castle Age
19:00 Wheelbarrow
18:33 Padded Archer Armor
22:10 Forging
22:08 Scale Barding Armor
24:18 Bow Saw
26:17 Stone Mining
26:17 Gold Mining
27:42 Stone Shaft Mining
26:50 Horse Collar
29:03 Heavy Plow
31:25 Silk Road
34:05 Imperial Age
32:36 Leather Archer Armor
32:11 Fletching
33:50 Thumb Ring
33:43 Bodkin Arrow
34:29 Hand Cart
34:33 Elite Genoese Crossbowman
35:34 Conscription
36:29 Crop Rotation
37:03 Two-Man Saw
38:34 Chemistry
37:54 Ballistics
38:10 Ring Archer Armor
37:40 Bracer
39:21 Caravan
41:33 Hoardings
46:36 Elite Skirmisher
47:37 Pirotechnia
PCTtamnek
0:36 Loom
11:28 Feudal Age
19:07 Castle Age
19:25 Double-Bit Axe
19:23 Horse Collar
21:07 Husbandry
21:17 Bloodlines
29:01 Imperial Age
26:20 Town Watch
27:51 Wheelbarrow
28:40 Bow Saw
32:05 Hand Cart
31:51 Town Patrol
32:25 Heavy Plow
33:00 Conscription
32:03 Elite Leitis
35:41 Conscription
38:09 Scale Barding Armor
38:14 Forging
40:13 Crop Rotation
43:50 Two-Man Saw
45:00 Chain Barding Armor
45:34 Caravan
46:12 Gold Mining
tuyentuyem55555
0:27 Loom
13:13 Feudal Age
14:03 Double-Bit Axe
14:00 Horse Collar
16:27 Stone Mining
16:42 Gold Mining
18:57 Castle Age
21:03 Forging
22:08 Bow Saw
22:04 Heavy Plow
22:43 Iron Casting
22:31 Husbandry
22:38 Husbandry
22:52 Bloodlines
25:19 Scale Barding Armor
30:33 Chain Barding Armor
35:07 Imperial Age
34:46 Masonry
34:47 Fortified Wall
34:58 Ballistics
36:52 Blast Furnace
36:07 Fletching
35:59 Heavy Camel Rider
37:13 Conscription
37:55 Wheelbarrow
37:46 Caravan
37:59 Bodkin Arrow
38:41 Plate Barding Armor
38:48 Town Watch
40:10 Two-Man Saw
41:04 Bodkin Arrow
41:10 Padded Archer Armor
40:32 Imperial Camel Rider
41:08 Onager
42:44 Bracer
43:00 Leather Archer Armor
44:12 Chemistry
43:10 Murder Holes
46:07 Hoardings
46:07 Thumb Ring
46:56 Grand Trunk Road
46:57 Shatagni
Connection lost

Rejoining the realm…

Still unreachable

The connection could not be restored.

Session expired

The server has moved on; the page needs a fresh start.